 Dungeon Crawl Stone Soup version 0.25-a0-565-g8875c97ebb (webtiles) character file.

Game seed: 7183622019110018007, levelgen mode: classic

8411 EnegeticOcto the Cleaver (level 11, -1/104 HPs)
             Began as a Deep Dwarf Fighter on Feb 26, 2020.
             Was a Priest of Makhleb.
             Slain by a two-headed ogre
             ... wielding a +0 giant club
              (9 damage)
             ... on level 10 of the Dungeon.
             The game lasted 00:04:54 (5877 turns).

EnegeticOcto the Cleaver (Deep Dwarf Fighter)       Turns: 5877, Time: 00:04:55

Health: -1/104     AC: 15    Str: 23    XL:     11   Next: 9%
Magic:  9/9        EV: 11    Int:  9    God:    Makhleb [***...]
Gold:   208        SH:  0    Dex: 12    Spells: 10/10 levels left

rFire    + + .     SeeInvis .   f - +1 battleaxe (elec)
rCold    + . .     Gourm    .   (shield currently unavailable)
rNeg     . . .     Faith    .   h - +2 chain mail {rF+}
rPois    .         Spirit   .   (no helmet)
rElec    .         Reflect  .   (no cloak)
rCorr    .         Harm     .   (no gloves)
MR       +....                  n - +1 pair of boots
Stlth    ..........             (no amulet)
HPRegen  0.00/turn              c - ring of protection from fire
MPRegen  0.11/turn              (no ring)

@: non-regenerating
A: damage resistance, heal wounds, blurry vision 1, cold resistance 1, sense
surroundings 2, MP-powered wands, no regeneration
a: Heal Wounds, Minor Destruction, Lesser Servant of Makhleb, Renounce Religion


You were on level 10 of the Dungeon.
You worshipped Makhleb.
Makhleb was most pleased with you.
You were not hungry.

You visited 2 branches of the dungeon, and saw 11 of its levels.

You collected 445 gold pieces.
You spent 237 gold pieces at shops.

Inventory:

Hand Weapons
 f - a +1 battleaxe of electrocution (weapon)
Missiles
 t - 2 throwing nets (quivered)
Armour
 h - a +2 chain mail of fire resistance (worn)
 n - a +1 pair of boots (worn)
Jewellery
 c - a ring of protection from fire (left hand)
Wands
 d - a wand of iceblast (23)
 q - a wand of acid (4) {@v1}
Scrolls
 g - 4 scrolls of teleportation {@r2}
 o - 2 scrolls of remove curse {@r6}
 s - 3 scrolls of blinking {@r3}
 v - a scroll of identify {@r1}
Potions
 a - a potion of ambrosia
 i - 2 potions of magic
 j - 2 potions of stabbing {@q5}
 k - 2 potions of might {@q3}
 l - 4 potions of flight
 m - a potion of resistance {@q6}
 p - 2 potions of heal wounds {@q2}
 r - 2 potions of curing {unknown}
 u - a potion of lignification {unknown}
Comestibles
 b - 2 chunks of flesh
 e - 17 rations


   Skills:
 * Level 8.6 Fighting
 * Level 9.9 Axes
 + Level 7.7 Armour
 + Level 6.6 Dodging
   Level 6.5 Shields
 * Level 7.9 Invocations


You had 10 spell levels left.
You didn't know any spells.
Your spell library was empty.

Dungeon Overview and Level Annotations

Branches:
Dungeon (10/15)            Temple (1/1) D:6            Lair (0/6) D:8
    Orc: D:9-12

Altars:
Ashenzari
Cheibriados
Dithmenos
Elyvilon
Fedhas
Hepliaklqana
Kikubaaqudgha
Makhleb
Nemelex Xobeh
Okawaru
Qazlal
Ru
Sif Muna
Trog
Uskayaw
Vehumet
Xom
Yredelemnul
Zin
The Shining One
Lugonu

Shops:
D:8 (   D:10 [

Annotations:
D:9 exclusion: door


Innate Abilities, Weirdness & Mutations

You are resistant to damage.
You can heal yourself by infusing magical energy.
You passively map the area around you.
You do not regenerate.
Scrolls take you a little longer to read.
Your flesh is cold resistant. (rC+)
You expend magic power (3 MP) to strengthen your wands.


Message History

You kill the scorpion!
Makhleb accepts your kill.
You feel better.
You barely miss the manticore. The manticore bites you!
The manticore claws you but does no damage.
The manticore misses you.
You hit the manticore.
Lightning courses through the manticore!
The manticore is moderately wounded.
Something hits you but does no damage.
Deactivating autopickup; reactivate with Ctrl-A.
The manticore bites you but does no damage.
The manticore claws you but does no damage.
The manticore barely misses you. The manticore bites you.
The manticore completely misses you.
The manticore claws you but does no damage.
You barely miss the manticore.
The manticore is moderately wounded.
Something hits you but does no damage. The manticore barely misses you.
The manticore claws you but does no damage.
The manticore closely misses you.
You slash the manticore!
Lightning courses through the manticore!
The manticore is severely wounded.
You slash something! Something hits you. The manticore bites you!
The manticore completely misses you. The manticore claws you.
You slice the manticore!!
Lightning courses through the manticore!
You kill the manticore!
Makhleb accepts your kill.
You have reached level 11!
Something hits you. The bullfrog skeleton hits you.
You slice the bullfrog skeleton!!
Lightning courses through the bullfrog skeleton!
The bullfrog skeleton is almost destroyed.
Something hits you!
The bullfrog skeleton closely misses you.
Something hits you but does no damage.
You slice the bullfrog skeleton!!
You destroy the bullfrog skeleton!
Makhleb accepts your kill.
You slash something! Something hits you. Something hits you but does no damage.
No target in view!
No target in view!
No target in view!
No target in view!
No target in view!
No target in view!
No target in view!
Something hits you.
Things that are here:
a manticore corpse; a scorpion corpse; a bullfrog corpse
There is a strange disturbance nearby!
There is a strange disturbance nearby!
There is a strange disturbance nearby!
There is a strange disturbance nearby!
There is a strange disturbance nearby!
No target in view!
No target in view!
No target in view!
No target in view!
No target in view!
No target in view!
No target in view!
You miss something. Something hits you.
You swing at nothing.
Something hits you but does no damage.
You closely miss something. Something hits you but does no damage.
You swing at nothing.
Something hits you but does no damage.
You hit something. Something hits you. Something hits you!
Something hits you but does no damage.
You completely miss something.
Something hits you but does no damage. x2
Something hits you.
You closely miss something. Something hits you but does no damage.
You miss something.
Something hits you but does no damage. x3
You miss something. Something hits you but does no damage. Something hits you!
You slash something! Lightning courses through something!!
Makhleb accepts your kill.
Reactivating autopickup.
You feel a bit more experienced.
You swing at nothing.
You swing at nothing.
A two-headed ogre comes into view.
It is wielding a +0 giant club and a +0 giant spiked club.
You swing at nothing.
The two-headed ogre shouts in stereo!
You hear a shout!
You swing at nothing.
The two-headed ogre hits you but does no damage.
The two-headed ogre hits you with a +0 giant spiked club!
* * * LOW HITPOINT WARNING * * *
You hit the two-headed ogre but do no damage.
Lightning courses through the two-headed ogre!
You slash the two-headed ogre!
The two-headed ogre hits you with a +0 giant club!
* * * LOW HITPOINT WARNING * * *
The two-headed ogre hits you with a +0 giant spiked club!!
* * * LOW HITPOINT WARNING * * *
You slash the two-headed ogre! The two-headed ogre barely misses you.
The two-headed ogre hits you but does no damage.
You completely miss the two-headed ogre.
The two-headed ogre hits you with a +0 giant club!
You die...

, , , ,, * ..#.#
* , #..##.## * **
##, * ,.#...#.##
, * * ,, #.#,,
#... ..:......'
*, ,,..#
...#,......#### *
.. ,#.. ...#.#* #
* * * * #. *#..
#.###* *
###.###.#* #.# *
, , #..O@.#.# #.#
,, ,,$#.###.#.#
#.# , ,
$$...))...## #.#
,
$$#.###.#..###.#
, ,, ,*
...#......##### *
*#.###.####.....#
, ,* #. #.#
#####.#### * ,
**. #.# #..... ,
,,, ,. * ,..#
######


You could see a two-headed ogre.

Vanquished Creatures
  An unseen horror (D:10)
  Pikel (D:8)
  A manticore (D:10)
  An ugly thing (D:8)
  Psyche (D:8)
  4 hippogriffs
  Sigmund (D:3)
  A hungry ghost (D:9)
  A steam dragon (D:8)
  2 porcupines (D:8)
  A water moccasin (D:7)
  7 sky beasts
  An ice beast (D:8)
  4 orc warriors
  2 slaves (D:8)
  4 black bears
  A phantom (D:5)
  2 necrophages
  5 ogres
  3 centaurs
  Blork the orc (D:4)
  A crocodile (D:10)
  2 big kobolds
  6 bullfrogs
  3 scorpions
  5 killer bees
  An electric eel (D:8)
  7 howler monkeys
  3 crimson imps
  A quasit (D:5)
  A jelly (D:8)
  A bullfrog zombie (D:9)
  3 hounds
  5 orc priests
  12 orc wizards
  3 bullfrog skeletons
  5 iguanas
  7 worker ants
  A worker ant zombie (D:5)
  A howler monkey skeleton (D:9)
  4 gnolls
  7 adders
  2 shadow imps
  An ooze (D:5)
  An adder skeleton (D:4)
  2 adder zombies
  A worm (D:4)
  6 leopard geckos
  36 orcs
  3 giant cockroaches
  9 goblins
  10 hobgoblins
  14 jackals
  11 kobolds
  A quokka (D:10)
  A bat (D:1)
  2 goblin skeletons (D:5)
  2 hobgoblin zombies (D:5)
  A jackal skeleton (D:8)
  A kobold zombie (D:5)
  An orc skeleton (D:5)
  2 orc zombies (D:5)
  A quokka skeleton (D:4)
  A rat (D:2)
  A fungus (D:8)
  2 plants (D:8)
236 creatures vanquished.

Vanquished Creatures (others)
  A slave (D:8)
  An orc (D:8)
  A fungus (D:8)
3 creatures vanquished.

Grand Total: 239 creatures vanquished

Notes
Turn   | Place    | Note
-------+----------+-------------------------------------------
     0 | D:1      | EnegeticOcto the Deep Dwarf Fighter began the quest for the
                  | Orb.
     0 | D:1      | Reached XP level 1. HP: 20/20 MP: 1/1
    35 | D:2      | Found a sacrificial altar of Ru.
    80 | D:3      | Found a faded altar of an unknown god.
    90 | D:3      | Reached XP level 2. HP: 27/27 MP: 2/2
    99 | D:3      | Noticed a sky beast
   118 | D:3      | Killed a sky beast
   118 | D:3      | Reached skill level 3 in Axes
   118 | D:3      | Reached skill level 1 in Dodging
   118 | D:3      | Reached XP level 3. HP: 22/34 MP: 3/3
   118 | D:3      | Reached XP level 4. HP: 27/42 MP: 4/4
   215 | D:3      | Noticed Sigmund
   226 | D:3      | Killed Sigmund
   226 | D:3      | Reached skill level 4 in Axes
   226 | D:3      | Reached XP level 5. HP: 38/50 MP: 4/4
   226 | D:3      | Reached XP level 6. HP: 43/57 MP: 5/5
   705 | D:4      | Reached XP level 7. HP: 60/66 MP: 5/5
   942 | D:4      | Noticed Blork the orc
   957 | D:4      | Killed Blork the orc
  1154 | D:4      | Reached skill level 5 in Axes
  1191 | D:5      | Entered Level 5 of the Dungeon
  1249 | D:5      | Reached skill level 5 in Fighting
  1249 | D:5      | Reached skill level 5 in Armour
  1374 | D:5      | Reached skill level 5 in Shields
  1374 | D:5      | Reached XP level 8. HP: 48/74 MP: 5/5
  1458 | D:5      | Noticed a +0 dagger
  1458 | D:5      | Noticed a +0 dagger
  1460 | D:5      | Found a hide-covered altar of Uskayaw.
  1498 | D:5      | Found a glowing golden altar of the Shining One.
  1578 | D:5      | Reached skill level 6 in Axes
  1902 | D:6      | Found a basalt altar of Yredelemnul.
  2059 | D:6      | Reached skill level 7 in Axes
  2156 | D:6      | Gained mutation: You passively map the area around you.
                  | [Deep Dwarf growth]
  2156 | D:6      | Reached XP level 9. HP: 54/82 MP: 4/4
  2328 | D:6      | Found a staircase to the Ecumenical Temple.
  2340 | Temple   | Entered the Ecumenical Temple
  2426 | Temple   | Became a worshipper of Makhleb the Destroyer
  2644 | D:7      | Reached skill level 1 in Invocations
  2645 | D:7      | Gained mutation: Your flesh is cold resistant. (rC+)
                  | [potion of mutation]
  2645 | D:7      | Gained mutation: Scrolls take you a little longer to read.
                  | [potion of mutation]
  2645 | D:7      | Gained mutation: You expend magic power (3 MP) to
                  | strengthen your wands. [potion of mutation]
  2854 | D:7      | Reached skill level 5 in Dodging
  3023 | D:7      | Found a bloodstained altar of Trog.
  3208 | D:7      | Reached * piety under Makhleb
  3208 | D:7      | Reached skill level 8 in Axes
  3716 | D:8      | Found Jyustryo's Antique Weapon Shop.
  3753 | D:8      | Bought a glowing battleaxe for 237 gold pieces
  3774 | D:8      | Found a shimmering altar of Xom.
  3890 | D:8      | Reached XP level 10. HP: 60/94 MP: 7/7
  3937 | D:8      | Reached skill level 5 in Invocations
  3983 | D:8      | Noticed a cyan ugly thing
  3996 | D:8      | Killed a cyan ugly thing
  4013 | D:8      | Noticed Pikel
  4033 | D:8      | Reached ** piety under Makhleb
  4047 | D:8      | Killed Pikel
  4047 | D:8      | Reached skill level 9 in Axes
  4366 | D:8      | Noticed Psyche
  4387 | D:8      | Killed Psyche
  4451 | D:8      | Found a staircase to the Lair.
  4622 | D:9      | Found a shattered altar of Ashenzari.
  4626 | D:9      | Found the +8 demon blade "Leech" {vamp, *Rage +Rage rN+}
  5420 | D:9      | Found an iron altar of Okawaru.
  5426 | D:9      | Reached *** piety under Makhleb
  5453 | D:9      | Found a snail-covered altar of Cheibriados.
  5645 | D:10     | Entered Level 10 of the Dungeon
  5725 | D:10     | Found a snail-covered altar of Cheibriados.
  5726 | D:10     | Found Cheibriados's Comfort Zone.
  5847 | D:10     | Noticed a manticore
  5856 | D:10     | Killed a manticore
  5856 | D:10     | Reached XP level 11. HP: 60/104 MP: 9/9
  5869 | D:10     | Killed an unseen horror
  5871 | D:10     | Noticed a two-headed ogre
  5877 | D:10     | Slain by a two-headed ogre

Levels and vault maps discovered:
D:1:      ncdulo_lavacross, layout_basic
D:2:      layout_loops_cross, grunt_temple_overflow_open,
          nicolae_ru_awakened_eye, first_ration, minmay_pentomino_x2
D:3:      layout_loops_ring, chequers_ecumenical_altar_twisty, uniq_sigmund,
          uniq_robin
D:4:      cheibrodos_greedy_goblins, layout_basic, uniq_blork_the_orc
D:5:      layout_rooms, nicolae_tso_besieged_by_evil, dancing_weapons_uskayaw,
          serial_curves, eino_curves_02, eino_curves_04, serial_bayou_pond_a
D:6:      layout_rooms, nicolae_overflow_crystal_walls, temple_green,
          kennysheep_generic_room_13
D:7:      layout_gridville, trog_ov_bears_minmay, grunt_ogre_cave,
          minmay_quadrilaterals
D:8:      layout_basic, xom_teletrap_fun, grunt_lair_entry_orc_guard_hut,
          serial_shops, shop, serial_bayou_pond_b, uniq_psyche, uniq_pikel
D:9:      layout_stronghold, evilmike_ruin_ashenzari, cheibrodos_worm_habitat,
          okawaru_altar_gauntlet_db
D:10:     minmay_the_grid_square_5x5_4x4 [minmay_the_grid_square_5x5_lines,
          minmay_the_grid_square_5x5_eight,
          minmay_the_grid_square_5x5_hollow_slash,
          minmay_the_grid_square_5x5_plus, minmay_the_grid_square_5x5_longway,
          minmay_the_grid_square_5x5_prize_gold,
          minmay_the_grid_square_5x5_prize_junk,
          minmay_the_grid_square_5x5_half_checkered,
          minmay_the_grid_square_5x5_three_small,
          minmay_the_grid_square_5x5_prize_open,
          minmay_the_grid_square_5x5_prize_pseudospiral,
          minmay_the_grid_square_5x5_seven,
          minmay_the_grid_square_5x5_inverted_slash,
          minmay_the_grid_square_5x5_n, minmay_the_grid_square_5x5_spiral_small,
          minmay_the_grid_square_5x5_sharp_hourglass], layout_loops_corners,
          minmay_shop_chei
Temple:   kb_corrupted_temple

Skill      XL: |  1  2  3  4  5  6  7  8  9 10 |
---------------+-------------------------------+-----
Fighting       | 3 4 5 6 7 8 |  8.6
Axes           | 3 4 5 7 8 9 |  9.9
Dodging        | 1 2 3 4 5 6 |  6.6
Armour         | 4 5 6 7 |  7.7
Shields        | 4 5 6 |  6.5
Invocations    | 4 7 |  7.9

Action                   |  1- 3 |  4- 6 |  7- 9 | 10-12 || total
-------------------------+-------+-------+-------+-------++-------
Melee: War axe           |    35 |   144 |   461 |       ||   640
       Battleaxe         |       |       |    11 |   213 ||   224
 Abil: Heal Wounds       |     2 |     3 |    16 |     5 ||    26
Evoke: Wand              |       |       |       |     1 ||     1
  Use: Scroll            |       |       |    10 |     8 ||    18
       Potion            |       |       |     1 |       ||     1
  Eat: Chunk             |       |       |     8 |     9 ||    17
       Ration            |       |       |     1 |       ||     1
Armor: Scale mail        |    19 |    58 |   126 |       ||   203
       Plate armour      |       |       |    36 |       ||    36
       Chain mail        |       |       |   111 |   173 ||   284
Dodge: Dodged            |     7 |    45 |   222 |   142 ||   416
Block: Kite shield       |    15 |    73 |   275 |       ||   363

Table legend:
 A = Non-vault XP
 B = Vault XP
 C = Vault XP percentage of total XP
 D = Non-vault monster count
 E = Vault monster count
 F = Vault count percentage of total count
                 A         B        C        D         E       F
            +---------+---------+-------+---------+---------+-------
      Total |    7632 |    4385 |  36.5 |     177 |      54 |  23.4
            +---------+---------+-------+---------+---------+-------
        D:1 |       1 |       0 |   0.0 |       1 |       0 |   0.0
        D:2 |       6 |       0 |   0.0 |       3 |       0 |   0.0
        D:3 |     183 |     220 |  54.6 |      12 |       1 |   7.7
        D:4 |     429 |     128 |  23.0 |      22 |      14 |  38.9
        D:5 |     845 |      54 |   6.0 |      26 |       9 |  25.7
        D:6 |    1219 |      36 |   2.9 |      25 |       1 |   3.8
        D:7 |     822 |     754 |  47.8 |      21 |       6 |  22.2
        D:8 |    2132 |    1689 |  44.2 |      25 |      10 |  28.6
        D:9 |    1283 |      25 |   1.9 |      34 |       6 |  15.0
       D:10 |     712 |    1479 |  67.5 |       8 |       7 |  46.7
            +---------+---------+-------+---------+---------+-------
